 Dungeon Crawl Stone Soup version 0.28.0-43-g3370ac3207 (webtiles) character file.

Game seed: 17368636960251472314

5042 Ablot the Magician (level 10, -12/118 HPs)
             Began as a Gnoll Warper on Feb 28, 2022.
             Was an Elder of Okawaru.
             Mangled by a salamander
             ... wielding a +0 trident
              (14 damage)
             ... in a volcano.
             The game lasted 00:22:23 (10182 turns).

Ablot the Magician (Gnoll Warper)                  Turns: 10182, Time: 00:22:24

Health: -12/118    AC: 25    Str: 14    XL:     10   Next: 55%
Magic:  17/21      EV:  2    Int: 14    God:    Okawaru [****..]
Gold:   292        SH:  6    Dex: 11    Spells: 17/23 levels left

rFire   . . .      SeeInvis .   J - +4 Maxwell's thermic engine {flame, freeze}
rCold   . . .      Faith    +   y - +0 buckler
rNeg    . . .      Spirit   .   (armour currently unavailable)
rPois   +          Reflect  .   (helmet currently unavailable)
rElec   .          Harm     .   (cloak currently unavailable)
rCorr   .          Rampage  .   (gloves currently unavailable)
Will    .....      NoTele   +   (boots currently unavailable)
Stlth   ++++......              o - amulet of faith
HPRegen 0.29/turn               h - ring of poison resistance
MPRegen 0.17/turn               (no ring)

@: tree-form, heroic
A: stationary, stasis, torment immunity, boosted hp, (fangs 1), strong nose,
distributed training
a: Renounce Religion, Heroism, Finesse


You were in a volcano.
You worshipped Okawaru.
Okawaru was greatly pleased with you.
You were a tree.
You visited 3 branches of the dungeon, and saw 10 of its levels.
You also visited: Volcano.

You collected 500 gold pieces.
You spent 208 gold pieces at shops.

Inventory:

Hand Weapons
 a - a +2 spear of venom
 d - the +4 short sword of Cux Ypu {vorpal, SInv}
   (You bought it in a shop on level 5 of the Dungeon)

   It inflicts extra damage upon your enemies.
   SInv:      It lets you see invisible.
 J - the +4 Maxwell's thermic engine (weapon) {flame, freeze}
   (You found it on level 7 of the Dungeon)

   It burns those it strikes, dealing additional fire damage.
   Big, fiery blades are also staple armaments of hydra-hunters.
   It freezes those it strikes, dealing additional cold damage.
   It can also slow down cold-blooded creatures.
   It becomes more effective when it hits something.
   This effect fades over time.
Missiles
 g - 42 sling bullets
 i - 221 stones
 j - 7 poisoned darts (quivered)
 l - 107 arrows
 I - 5 boomerangs of dispersal
 L - 35 bolts
 P - 2 throwing nets
Armour
 b - a +0 leather armour (melded)
 k - a +0 cloak (melded)
 u - a +0 pair of boots (melded)
 y - a +0 buckler (worn)
 A - a +0 helmet (melded)
Magical Staves
 G - a staff of death
Jewellery
 e - an amulet of regeneration
 h - a ring of poison resistance (left branch)
 o - an amulet of faith (around neck)
Wands
 w - a wand of flame (9)
 D - a wand of iceblast (23)
Scrolls
 c - 2 scrolls of blinking
 f - 4 scrolls of identify
 n - 9 scrolls of teleportation
 p - a scroll of enchant weapon {unknown}
 s - a scroll of vulnerability {unknown}
 x - 2 scrolls of fear
 z - a scroll of enchant armour {unknown}
 C - 3 scrolls of noise
 E - a scroll of magic mapping
 H - a scroll of amnesia {unknown}
 K - a scroll of acquirement {unknown}
 M - a scroll of immolation {unknown}
Potions
 m - a potion of ambrosia {unknown}
 q - a potion of lignification
 r - a potion of haste {unknown}
 t - 2 potions of might {unknown}
 v - 2 potions of attraction {unknown}
 B - 3 potions of curing {unknown}
 F - a potion of degeneration {unknown}
 N - 2 potions of heal wounds {unknown}


   Skills:
 + Level 7.1(12.1) Fighting
 + Level 5.4(10.4) Short Blades
 + Level 5.4(10.4) Long Blades
 + Level 5.4(10.4) Axes
 + Level 5.4(10.4) Maces & Flails
 + Level 7.1(12.1) Polearms
 + Level 5.4(10.4) Staves
 + Level 5.4(10.4) Slings
 + Level 5.4(10.4) Bows
 + Level 5.4(10.4) Crossbows
 + Level 6.0(11.0) Throwing
 + Level 6.0(11.0) Armour
 + Level 7.1(12.1) Dodging
 + Level 5.4(10.4) Stealth
 + Level 5.4(10.4) Shields
 + Level 5.4(10.4) Unarmed Combat
 + Level 7.4 Spellcasting
 + Level 4.4 Conjurations
 + Level 4.4 Hexes
 + Level 4.4 Summonings
 + Level 4.4 Necromancy
 + Level 7.1 Translocations
 + Level 4.4 Transmutations
 + Level 4.4 Fire Magic
 + Level 4.4 Ice Magic
 + Level 4.4 Air Magic
 + Level 4.4 Earth Magic
 + Level 4.4 Poison Magic
 + Level 5.9 Invocations
 + Level 5.4 Evocations


You had 17 spell levels left.
You knew the following spells:

 Your Spells              Type           Power      Damage    Failure   Level
a - Blink                 Tloc           50%        N/A       1%          2
b - Passwall              Tmut/Erth      14%        N/A       3%          2
c - Ensorcelled Hibernat  Hex/Ice        34%        N/A       3%          2

Your spell library contained the following spells:

 Spells                   Type           Power      Damage    Failure   Level
 Freeze                   Ice            68%        1d8       2%          1
 Gell's Gravitas          Tloc           25%        N/A       2%          3
 Lesser Beckoning         Tloc           25%        N/A       2%          3
 Teleport Other           Tloc           25%        N/A       2%          3
 Conjure Flame            Conj/Fire      17%        6-21      8%          3
 Dazzling Flash           Conj/Hex       34%        N/A       8%          3
 Frozen Ramparts          Ice            34%        1d5       8%          3
 Ignite Poison            Fire/Tmut/Pois 17%        N/A       8%          3
 Spider Form              Tmut/Pois      17%        N/A       8%          3
 Swiftness                Air            17%        N/A       8%          3
 Iskenderun's Mystic Bla  Conj/Tloc      21%        2d6       14%         4
 Manifold Assault         Tloc           25%        N/A       24%         5
 Anguish                  Hex/Necr       8%         N/A       26%         4
 Hailstorm                Conj/Ice       17%        3d6       26%         4
 Sticky Flame             Conj/Fire      17%        2d4       26%         4
 Starburst                Conj/Fire      8%         6d4       98%         6
 Storm Form               Tmut/Air       8%         N/A       100%        7
 Maxwell's Capacitive Co  Air            8%         ∞         100%        8
 Summon Lightning Spire   Summ/Air       Unusable   N/A       N/A         4

Dungeon Overview and Level Annotations

Branches:
Dungeon (8/15)             Temple (1/1) D:6            Lair (1/6) D:8
Volcano (1/1)

Altars:
Ashenzari
Cheibriados
Dithmenos
Elyvilon
Fedhas
Gozag
Hepliaklqana
Kikubaaqudgha
Makhleb
Nemelex Xobeh
Okawaru
Qazlal
Ru
Sif Muna
Trog
Uskayaw
Vehumet
Wu Jian
Xom
Yredelemnul
Zin
The Shining One

Shops:
D:5 (

Annotations:
D:7 exclusion: hydra


Innate Abilities, Weirdness & Mutations

You are a tree.
Your roots penetrate the ground, keeping you stationary.
You cannot be teleported.
You are immune to unholy pain and torment.
Your maximum health is greatly increased.
Your equipment is partially melded.
((You have very sharp teeth.))
Your uncanny sense of smell can sniff out nearby items.
Your experience applies equally to all skills.


Message History

You slash the two-headed ogre! You burn the two-headed ogre.
You kill the two-headed ogre!
Okawaru is honoured by your kill.
You can now speed up your combat.
Okawaru grants you ammunition! Something appears at your feet!
The salamander hits you from afar with a +0 trident.
You are engulfed in flames!
Your base Throwing skill increases to level 6!
Your base Armour skill increases to level 6!
Unknown command.
The salamander closely misses you.
You see here 22 bolts.
You barely miss the salamander.
The salamander hits you with a +0 trident!
You are engulfed in flames!
* * * LOW HITPOINT WARNING * * *
Unknown command.
Really quaff the potion of lignification?
You turn into a tree.
Your +0 cloak melds into your body.
Your +0 helmet melds into your body.
Your +0 pair of boots melds into your body.
Your +0 leather armour melds into your body.
Your roots penetrate the ground.
The salamander hits you but does no damage.
Unknown command.
You barely miss the salamander.
The salamander hits you with a +0 trident.
* * * LOW HITPOINT WARNING * * *
You are engulfed in flames!
* * * LOW HITPOINT WARNING * * *
The hell hound breathes flames at you.
The blast of flame hits the salamander.
The salamander completely resists.
The blast of flame hits you.
* * * LOW HITPOINT WARNING * * *
You hit the salamander. You freeze the salamander.
The salamander is lightly wounded.
The salamander hits you with a +0 trident.
* * * LOW HITPOINT WARNING * * *
You are engulfed in flames!
You die...

≈≈≈≈≈≈≈≈≈≈≈≈≈≈≈≈≈≈≈≈≈≈
≈≈≈≈≈≈≈≈≈≈≈≈≈≈≈≈≈≈≈≈≈≈
≈≈≈≈≈≈≈≈≈≈≈≈≈≈≈≈≈≈≈≈≈≈
≈≈≈≈≈≈≈≈.≈≈≈≈≈.≈≈≈≈≈≈≈
≈≈≈≈≈≈≈≈≈≈≈...≈≈.≈≈≈..
##...cO......^...
##h...##'##...####
###N#..## N.##.##
#∩#♣#^.# ...#.#
#∩#.#..# .$.#.#
##.##..## h$##.## ∆
####...#####...##+#
#.§......^......
≈≈§§≈≈≈.§§.§§≈≈≈≈≈
§≈§§≈≈≈≈≈≈≈≈§.≈§≈≈≈
§≈§≈§≈≈§§§≈§§≈≈≈≈≈≈
≈§≈≈≈≈≈§≈§≈§§≈≈≈≈≈≈≈


You could see a salamander and a hell hound.

Vanquished Creatures
  A two-headed ogre (Volcano)
  A troll (D:7)
  A hornet (D:8)
  Grinder (D:5)
  Sigmund (D:5)
  2 wyverns
  A yak (D:7)
  Grum (D:7)
  4 water moccasins
  2 ice beasts
  A sky beast (D:6)
  2 ogres
  3 necrophages
  An orc warrior (D:7)
  2 black bears
  5 wolves
  A centaur (Volcano)
  2 bullfrogs
  2 gnoll sergeants (D:6)
  A scorpion (D:5)
  A water moccasin skeleton (D:7)
  A wight (D:8)
  A howler monkey (D:5)
  2 bullfrog zombies (D:5)
  2 centaur zombies
  3 bullfrog skeletons
  2 orc priests
  A hound (D:7)
  2 jellies
  3 iguanas
  8 orc wizards
  A killer bee zombie (D:7)
  2 howler monkey zombies
  6 gnolls
  2 adders
  2 white imps
  2 worms
  4 dart slugs
  17 orcs
  5 bats (D:1)
  6 endoplasms
  3 giant cockroaches
  2 hobgoblins (D:1)
  5 jackals
  3 quokkas
  3 ball pythons
  A frilled lizard (D:1)
  5 goblins
  5 kobolds
  4 rats
139 creatures vanquished.

Vanquished Creatures (others)
  4 demonic plants (D:2)
  3 fungi (Lair:1)
  14 plants
  3 withered plants (D:2)
24 creatures vanquished.

Grand Total: 163 creatures vanquished

Notes
Turn   | Place    | Note
-------+----------+-------------------------------------------
     0 | D:1      | Ablot the Gnoll Warper began the quest for the Orb.
     0 | D:1      | Reached XP level 1. HP: 20/20 MP: 6/6
   194 | D:1      | Reached XP level 2. HP: 26/26 MP: 7/7
   397 | D:1      | Reached XP level 3. HP: 26/31 MP: 9/9
   400 | D:1      | Learned a level 2 spell: Blink
   434 | D:1      | Reached skill level 5 in Spellcasting
   756 | D:2      | Found a faded altar of an unknown god.
   919 | D:2      | Reached skill level 1 in Invocations
  1475 | D:3      | Reached skill level 1 in Short Blades
  1475 | D:3      | Reached skill level 1 in Long Blades
  1475 | D:3      | Reached skill level 1 in Axes
  1475 | D:3      | Reached skill level 1 in Maces & Flails
  1475 | D:3      | Reached skill level 1 in Staves
  1475 | D:3      | Reached skill level 1 in Slings
  1475 | D:3      | Reached skill level 1 in Bows
  1475 | D:3      | Reached skill level 1 in Crossbows
  1475 | D:3      | Reached skill level 1 in Stealth
  1475 | D:3      | Reached skill level 1 in Shields
  1475 | D:3      | Reached skill level 1 in Unarmed Combat
  1475 | D:3      | Reached skill level 1 in Evocations
  1750 | D:3      | Reached XP level 4. HP: 38/38 MP: 11/11
  2414 | D:3      | Noticed a black bear
  2433 | D:3      | Killed a black bear
  2434 | D:3      | Reached skill level 1 in Conjurations
  2434 | D:3      | Reached skill level 1 in Hexes
  2434 | D:3      | Reached skill level 1 in Summonings
  2434 | D:3      | Reached skill level 1 in Necromancy
  2434 | D:3      | Reached skill level 1 in Transmutations
  2434 | D:3      | Reached skill level 1 in Fire Magic
  2434 | D:3      | Reached skill level 1 in Ice Magic
  2434 | D:3      | Reached skill level 1 in Air Magic
  2434 | D:3      | Reached skill level 1 in Earth Magic
  2434 | D:3      | Reached skill level 1 in Poison Magic
  2434 | D:3      | Reached XP level 5. HP: 42/43 MP: 12/12
  3264 | D:5      | Entered Level 5 of the Dungeon
  3382 | D:5      | Noticed Grinder
  3514 | D:5      | Reached XP level 6. HP: 48/50 MP: 13/13
  3536 | D:5      | Found Maed's Antique Weapon Boutique.
  3696 | D:5      | Noticed an ice beast
  3733 | D:5      | Reached skill level 5 in Fighting
  3733 | D:5      | Reached skill level 5 in Polearms
  3733 | D:5      | Reached skill level 5 in Dodging
  3751 | D:5      | Killed an ice beast
  3752 | D:5      | Reached XP level 7. HP: 56/56 MP: 15/15
  3839 | D:5      | Killed Grinder
  3953 | D:5      | Learned a level 2 spell: Passwall
  3956 | D:5      | Learned a level 2 spell: Ensorcelled Hibernation
  3963 | D:5      | Noticed Sigmund
  4008 | D:5      | Killed Sigmund
  4019 | D:5      | Reached XP level 8. HP: 30/63 MP: 16/16
  4777 | D:6      | Found a staircase to the Ecumenical Temple.
  4796 | Temple   | Entered the Ecumenical Temple
  5057 | Temple   | Became a worshipper of Warmaster Okawaru
  5531 | D:7      | Found a shadowy altar of Dithmenos.
  6020 | D:6      | Reached * piety under Okawaru
  6153 | D:7      | Reached XP level 9. HP: 38/69 MP: 15/18
  6417 | D:5      | Bought a twisted short sword for 208 gold pieces
  6417 | D:5      | Identified the +4 short sword of Cux Ypu {vorpal, SInv}
                  | (You bought it in a shop on level 5 of the Dungeon)
  6970 | D:6      | Reached skill level 5 in Throwing
  6970 | D:6      | Reached skill level 5 in Armour
  7041 | D:7      | Noticed a six-headed hydra
  7307 | D:7      | Reached ** piety under Okawaru
  7648 | D:7      | Found the +2 Maxwell's thermic engine {flame, freeze}
  7791 | D:7      | Noticed a troll
  7809 | D:7      | Killed a troll
  7970 | D:8      | Noticed Grum
  8007 | D:8      | Noticed a hornet
  8020 | D:7      | Reached skill level 5 in Invocations
  8189 | D:8      | HP: 1/71 [wolf[Grum] (4)]
  8746 | D:8      | Reached XP level 10. HP: 64/77 MP: 12/20
  8786 | D:7      | Killed Grum
  8786 | D:7      | Reached *** piety under Okawaru
  9014 | D:8      | Reached skill level 5 in Short Blades
  9014 | D:8      | Reached skill level 5 in Long Blades
  9014 | D:8      | Reached skill level 5 in Axes
  9014 | D:8      | Reached skill level 5 in Maces & Flails
  9014 | D:8      | Reached skill level 5 in Staves
  9014 | D:8      | Reached skill level 5 in Slings
  9014 | D:8      | Reached skill level 5 in Bows
  9014 | D:8      | Reached skill level 5 in Crossbows
  9014 | D:8      | Reached skill level 5 in Stealth
  9014 | D:8      | Reached skill level 5 in Shields
  9014 | D:8      | Reached skill level 5 in Unarmed Combat
  9014 | D:8      | Reached skill level 5 in Evocations
  9325 | D:8      | Found a staircase to the Lair.
  9342 | Lair:1   | Entered Level 1 of the Lair of Beasts
  9854 | Lair:1   | Found a dark tunnel.
  9869 | Volcano  | Entered a volcano
 10157 | Volcano  | Noticed a salamander
 10157 | Volcano  | Noticed a hell hog
 10164 | Volcano  | Noticed a two-headed ogre
 10176 | Volcano  | Killed a two-headed ogre
 10176 | Volcano  | Reached **** piety under Okawaru
 10176 | Volcano  | Received a gift from Okawaru
 10181 | Volcano  | HP: 4/118 [hell hound/blast of flame (3)]
 10182 | Volcano  | Mangled by a salamander

Illustrated notes

Levels and vault maps discovered:
D:1:      kennysheep_arrival_forest, layout_rooms, hangedman_decor_opposing
D:2:      layout_basic, shapermc_ecumenical_altar_gd
D:3:      layout_basic, minmay_curled_crystal
D:4:      layout_basic, glass_columns_b
D:5:      layout_basic, serial_shops, nicolae_shop_waterfront, uniq_grinder,
          uniq_sigmund
D:6:      layout_rooms, minmay_temple_entry_offerings, serial_bayou_pond_c,
          chequers_serial_rivers_marsh, minmay_misc_feat_iff
D:7:      minmay_flawed_box, layout_rooms, grunt_dithmenos_smoke, kb_rosetta
D:8:      layout_basic, david_lair_shrubbed, minmay_fractal_squares_diagonal_5,
          uniq_grum
Temple:   nicolae_temple_the_god_donut
Lair:1:   layout_regular_city, lightli_volcano_entry_magma_tube,
          grunt_megastairs_3
Volcano:  volcano_village

Skill      XL: |  1  2  3  4  5  6  7  8  9 10 |
---------------+-------------------------------+-----
Spellcasting   | 5 6 7 |  7.4
Invocations    | 1 2 3 4 5 |  5.9
Short Blades   | 1 2 3 4 5 |  5.4
Long Blades    | 1 2 3 4 5 |  5.4
Axes           | 1 2 3 4 5 |  5.4
Maces & Flails | 1 2 3 4 5 |  5.4
Staves         | 1 2 3 4 5 |  5.4
Slings         | 1 2 3 4 5 |  5.4
Bows           | 1 2 3 4 5 |  5.4
Crossbows      | 1 2 3 4 5 |  5.4
Stealth        | 1 2 3 4 5 |  5.4
Shields        | 1 2 3 4 5 |  5.4
Unarmed Combat | 1 2 3 4 5 |  5.4
Evocations     | 1 2 3 4 5 |  5.4
Conjurations   | 1 2 3 4 |  4.4
Hexes          | 1 2 3 4 |  4.4
Summonings     | 1 2 3 4 |  4.4
Necromancy     | 1 2 3 4 |  4.4
Transmutations | 1 2 3 4 |  4.4
Fire Magic     | 1 2 3 4 |  4.4
Ice Magic      | 1 2 3 4 |  4.4
Air Magic      | 1 2 3 4 |  4.4
Earth Magic    | 1 2 3 4 |  4.4
Poison Magic   | 1 2 3 4 |  4.4
Throwing       | 3 4 5 6 |  6.0
Armour         | 3 4 5 6 |  6.0
Fighting       | 5 6 7 |  7.1
Polearms       | 5 6 7 |  7.1
Dodging        | 5 6 7 |  7.1
Translocations | 6 7 |  7.1

Action                   |  1- 3 |  4- 6 |  7- 9 | 10-12 || total
-------------------------+-------+-------+-------+-------++-------
Melee: Spear             |   149 |       |       |       ||   149
       Bite              |    13 |     7 |    33 |     9 ||    62
       Punch             |     2 |     1 |    17 |     4 ||    24
       Dagger            |    52 |   110 |   206 |       ||   368
       Short sword       |       |       |    97 |       ||    97
       Double sword      |       |       |    67 |    60 ||   127
Throw: Dart              |       |    14 |    12 |       ||    26
       Stone             |       |       |     4 |       ||     4
 Cast: Blink             |       |     3 |     3 |     2 ||     8
       Ensorcelled Hiber |       |       |    16 |     3 ||    19
Invok: Heroism           |       |       |       |     2 ||     2
Evoke: Wand              |       |       |     8 |       ||     8
  Use: Scroll            |       |       |       |     6 ||     6
       Potion            |       |       |       |     1 ||     1
 Stab: Sleeping          |     1 |     2 |     7 |     1 ||    11
Armor: Leather armour    |    65 |    24 |   120 |    17 ||   226
       Skin              |       |       |       |     1 ||     1
Dodge: Dodged            |   140 |    66 |   219 |    52 ||   477
Block: Buckler           |       |       |       |     5 ||     5
